[Event "*** Titled Tuesday Blitz"]
[Site "Chess.com"]
[Date "2018.06.05"]
[Round "6"]
[White "nochewycandy"]
[Black "Siemba"]
[Result "1-0"]
[WhiteElo "2124"]
[BlackElo "2006"]
[TimeControl "180+2"]
[EndTime "14:29:15 PDT"]
[Termination "nochewycandy won by resignation"]

1. e4 c5 2. Nf3 d6 3. Bb5+ Bd7 4. c4 Nf6 5. Nc3 e5 6. O-O a6 7. Bxd7+ Nbxd7 8. d3 Be7 9. Ne1 O-O 10. Nc2 Rb8 11.
a4 Ne8 12. Ne3 g6 13. g3 Bf6 14. Ned5 Bg7 15. a5 Nc7 16. Nxc7 Qxc7 17. Nd5 Qd8 18. Bd2 Nf6 19. Bg5 h6 20. Nxf6+ Bxf6 21. Bxh6 Bg7 22. Bd2 f5 23. f3 f4 24. g4 Qh4 25. Qe1 Qh3 26. b4 Kf7 27. bxc5 dxc5 28. Rb1 Rh8 29. Qe2 Bf6 30. Be1 Bd8 31. Qg2 Qxg2+ 32.
Kxg2 Ke6 33. Rb2 Kd6 34. Bc3 g5 35. Rfb1 Rh7 36. Kg1 Re7 37. Be1 Kc6 38. h4 Rd7 39. Rb3 gxh4 40. Kh2 b5 41. axb6 Rxb6 42. Rxb6+ Bxb6 43. Rb3 Bd8 44. Ra3 a5 45. Kh3 Bb6 46. Bxh4 a4 47. g5 Ba5 48. Kg4 Bb4 49. Rxa4 Rxd3 50. Ra6+ Kb7 51. Re6 Rd1 52. g6 Rg1+ 53. Kf5 Bc3 54.
Bf6 Kc7 55. g7 Kd7 56. Re7+ Kd8 57. g8=Q+ Rxg8 58. Rg7+ 1-0

[Event "*** Titled Tuesday Blitz"]
[Site "Chess.com"]
[Date "2018.06.05"]
[Round "6"]
[White "JaimeSantosLatasa"]
[Black "Alexander_Moskalenko"]
[Result "0-1"]
[WhiteElo "2652"]
[BlackElo "2777"]
[TimeControl "180+2"]
[EndTime "14:29:18 PDT"]
[Termination "Alexander_Moskalenko won by resignation"]

1. e4 d6 2. d4 Nf6 3. Nc3 e5 4.
Nf3 Nbd7 5. Bc4 Be7 6. O-O O-O 7. a4 a6 8. Re1 b6 9. h3 Bb7 10.
d5 h6 11. Nd2 Nh7 12. Nf1 Bg5 13. Ne3 g6 14. g3 h5 15. h4 Bh6 16. Rb1 Kh8 17. b4 Ndf6 18. Bf1 Bc8 19. a5 b5 20.
Bg2 Bd7 21. Qe2 Rc8 22. Rd1 Rg8 23. Rd3 Qf8 24. Bd2 g5 25. hxg5 Bxg5 26. Qf1 Qh6 27. Bh3 Ng4 28. Re1 Nhf6 29. Re2 Rg7 30. Ng2 Bxd2 31.
Rexd2 Nh7 32. Nh4 Ng5 33. Bg2 Rf8 34. Nd1 f5 35. exf5 Bxf5 36. Qe2 Bxd3 37. cxd3 Rgf7 38. f3 Nf6 39. Ne3 Ng8 40. Rc2 Nh7 41. Kh2 Qg5 42.
Bh3 Rg7 43. Nef5 Rgf7 44. Ne3 Nh6 45. Be6 Rg7 46. Qf2 Nf6 47. Qe1 Ne8 48. Rc6 Re7 49. Rxa6 Ng7 50. Bh3 Ref7 51. Qe2 Rg8 52. Rc6 Ne6 53.
Qf2 Nd4 54. Rc1 Ng4+ 55. Bxg4 hxg4 56. Rh1 Kg7 57. a6 Nxf3+ 58. Nxf3 Rxf3 0-1

[Event "*** Titled Tuesday Blitz"]
[Site "Chess.com"]
[Date "2018.06.05"]
[Round "6"]
[White "Leo_C"]
[Black "nitpicker"]
[Result "0-1"]
[WhiteElo "2179"]
[BlackElo "2032"]
[TimeControl "180+2"]
[EndTime "14:29:19 PDT"]
[Termination "nitpicker won by resignation"]

1. d4 Nf6 2. c4 e6 3. Nc3 Bb4 4. Qc2 c5 5. dxc5 Bxc5 6. Bf4 Qb6 7. e3 a6 8. h3 Be7 9. Nf3 d6 10. Be2 Qc7 11. O-O b6 12. Rfd1 Nbd7 13. b4 Bb7 14. Rac1 Rc8 15. a4 O-O 16. Qd2 Ne5 17. Nxe5 dxe5 18. Bg3 Bxb4 19. Rb1 Bc5 20. Qb2 Rfd8 21. Rxd8+ Rxd8 22. a5 Ne4 23. axb6 Qe7 24. Bxe5 Rd2 25. Qa1 Qg5 26. Bf4 Qg6 27. Bf1 h6 28. Nxe4 Bxe4 29.
Rb2 Rxb2 30. Qxb2 Bb7 31. Qb3 Qe4 32. Qd3 Qxd3 33. Bxd3 Bxb6 34. Kf1 f6 35. f3 e5 36. Bg3 Bxe3 37. Bf2 Bxf2 38. Kxf2 Bc6 39. Ke3 Kf8 40. c5 a5 41. Kd2 Ke7 42. Kc2 Ke6 43. Bc4+ Bd5 44. Bb5 f5 45. Kb2 g5 46. Ka3 e4 47.
fxe4 Bxe4 48. g3 Bg2 49. h4 gxh4 50. gxh4 Kd5 51. Ka4 Kxc5 52. Kxa5 f4 53. Ka4 f3 54. Bd3 h5 55. Kb3 f2 56. Kc2 f1=Q 57. Bxf1 Bxf1 58. Kd2 Bh3 59. Ke3 Bg4 60. Kf2 Kd4 61. Kg3 Ke3 62.
Kg2 Kf4 63. Kh2 Kf3 64. Kh1 Kg3 65. Kg1 Kxh4 66. Kh1 Kg3 67. Kg1 Bf3 68. Kf1 h4 69. Kg1 h3 70. Kf1 h2 71. Ke1 h1=Q+ 72. Kd2 Qd1+ 73.
Ke3 Qe2+ 74. Kd4 Kf4 75. Kc5 0-1

[Event "*** Titled Tuesday Blitz"]
[Site "Chess.com"]
[Date "2018.06.05"]
[Round "6"]
[White "mishanick"]
[Black "vugarrasulov"]
[Result "0-1"]
[WhiteElo "2840"]
[BlackElo "2753"]
[TimeControl "180+2"]
[EndTime "14:29:21 PDT"]
[Termination "vugarrasulov won by checkmate"]

1. d4 Nf6 2. c4 e6 3. Nf3 b6 4. g3 Ba6 5. Qc2 c5 6. d5 exd5 7. cxd5 d6 8. Bg2 g6 9. Nc3 Bg7 10. O-O O-O 11. a4 Re8 12. Re1 Nbd7 13. Bf4 Qe7 14. e4 Ng4 15. Nb5 Nge5 16. Nd2 Rec8 17. b3 g5 18. Be3 Ng4 19. Rad1 Nxe3 20. Rxe3 Bxb5 21. axb5 a6 22. bxa6 Rxa6 23. Bf1 Ra7 24. Bb5 Ne5 25. Nc4 g4 26. Nxe5 Bxe5 27. Qe2 Qg5 28. Bc6 Rcc7 29. h3 h5 30. hxg4 hxg4 31. Kg2 f6 32. Rh1 Rh7 33. Rxh7 Rxh7 34. Qa6 Qh5 35.
Qc8+ Kg7 36. Qd7+ Kh6 37. Qd8 Qh3+ 38. Kg1 Bd4 39. Qf8+ Rg7 40. Qh8+ Rh7 41. Qf8+ Rg7 42. Bd7 Bxe3 43. Qh8+ Kg6 44. Qe8+ Kg5 45. fxe3 Qxg3+ 46. Kf1 Qf3+ 47. Ke1 Qxe3+ 48. Kd1 Qxb3+ 49. Kd2 Qb2+ 50.
Kd3 Qd4+ 51. Kc2 Kf4 52. Bf5 Ke3 53. Qh5 Qd2+ 54. Kb3 c4+ 55. Kxc4 Rc7+ 56. Kb5 Qa5# 0-1

[Event "*** Titled Tuesday Blitz"]
[Site "Chess.com"]
[Date "2018.06.05"]
[Round "6"]
[White "Blitzstream"]
[Black "Kubas1010"]
[Result "1-0"]
[WhiteElo "2435"]
[BlackElo "2379"]
[TimeControl "180+2"]
[EndTime "14:29:21 PDT"]
[Termination "Blitzstream won by resignation"]

1. Nc3 e5 2. d4 exd4 3. Qxd4 Nc6 4. Qa4 d5 5. Nf3 Nf6 6. Bg5 h6 7. Bxf6 Qxf6 8. O-O-O Bd6 9. Nxd5 Qg6 10. e3 O-O 11.
Bd3 Bf5 12. Nh4 Qg4 13. Qxg4 Bxg4 14. f3 Be6 15. Nc3 g6 16. g3 Ne5 17. Ng2 Nxf3 18.
Be4 Ne5 19. Bxb7 Rab8 20. Bd5 Bg4 21. Rd4 Rfd8 22. Rf1 Kg7 23. Bb3 Bh3 24. Rf2 Ng4 25. Rxf7+ Kh8 26. Nh4 Ne5 27. Rf2 g5 28. Nf5 Rf8 29.
Rxd6 cxd6 30. e4 Ng4 31. Rd2 Rbd8 32. Nd5 Nf6 33. Nde7 Bxf5 34. exf5 Kg7 35. Nc6 Rd7 36.
Nd4 Re8 37. Ne6+ Kh7 38. Ba4 g4 39. Bxd7 Nxd7 40. Rxd6 Ne5 41. Ra6 Re7 42. b4 Nf3 43. b5 Nxh2 44. a4 Nf1 45. a5 Nxg3 46. b6 axb6 47.
axb6 Nxf5 48. Ra7 g3 49. Nf4 h5 50. b7 Rxb7 51. Rxb7+ Kh6 52. Nh3 h4 53. Kd2 Kh5 54.
Rb4 g2 55. Ke2 Ng3+ 56. Kf2 1-0

[Event "*** Titled Tuesday Blitz"]
[Site "Chess.com"]
[Date "2018.06.05"]
[Round "6"]
[White "tigra"]
[Black "wonderfultime"]
[Result "0-1"]
[WhiteElo "2718"]
[BlackElo "2859"]
[TimeControl "180+2"]
[EndTime "14:29:22 PDT"]
[Termination "wonderfultime won by resignation"]

1. e4 c5 2. Nf3 d6 3. d4 cxd4 4. Nxd4 Nf6 5. Nc3 g6 6. Be3 Bg7 7. f3 O-O 8. Qd2 Nc6 9. Bc4 Bd7 10. O-O-O Rb8 11. g4 Na5 12. Be2 Be6 13. Nxe6 fxe6 14.
Bxa7 Ra8 15. Qe3 Nd7 16. Nb5 Nc6 17. Bc4 Kh8 18. Nd4 Nxa7 19. Nxe6 Qb6 20. Qa3 Nc6 21. Qb3 Qxb3 22. Bxb3 Rxf3 23. Ng5 Bh6 24. h4 Nce5 25. Rd2 Bxg5 26. hxg5 Raf8 27. Be6 Rf1+ 28. Rd1 Rxd1+ 29.
Kxd1 Nc5 30. Bd5 Nxg4 31. Kd2 Kg7 32. b4 Na4 33. Bb3 Nb6 34. a4 Rf2+ 35. Kd3 Rf3+ 36. Kd2 Ne5 37. Ke2 Rc3 38. Rd1 h6 39. a5 Nbd7 40.
Rd5 hxg5 41. Rb5 Rc7 42. Ke3 g4 43. Bd5 Nc6 44. c4 Kf6 45. Kf4 e6 46. Bxc6 bxc6 47. Rg5 Ne5 48. c5 Nd3+ 49. Kxg4 dxc5 50. bxc5 Ra7 51.
e5+ Nxe5+ 52. Kf4 Nd3+ 53. Kg4 Rxa5 0-1

[Event "*** Titled Tuesday Blitz"]
[Site "Chess.com"]
[Date "2018.06.05"]
[Round "6"]
[White "Maitreia"]
[Black "bugsbunny444"]
[Result "0-1"]
[WhiteElo "2543"]
[BlackElo "2349"]
[TimeControl "180+2"]
[EndTime "14:29:23 PDT"]
[Termination "bugsbunny444 won by resignation"]

1. c4 b6 2. Nf3 Bb7 3. g3 Bxf3 4. exf3 c5 5. d4 Nc6 6. d5 Nd4 7. Be3 Nf5 8. Bd2 g6 9. Bc3 Bg7 10. Bxg7 Nxg7 11. Bd3 Nh6 12. g4 f6 13. Nc3 O-O 14.
h4 d6 15. h5 g5 16. Qe2 Qd7 17. Rg1 e5 18. dxe6 Nxe6 19. Be4 Rae8 20. O-O-O Nd4 21. Qd3 Kh8 22. Rge1 Nf7 23. Bf5 Nxf5 24. Rxe8 Qxe8 25. gxf5 Qe5 26. Nd5 Nh6 27. Rd2 Qxf5 28. Qa3 Rf7 29.
Re2 Kg7 30. Qc3 Ng8 31. a4 Qh3 32. Re8 Qh1+ 33. Kc2 Qxh5 34. Ne3 Qg6+ 35. Kb3 Re7 36. Rd8 Nh6 37. Rxd6 Nf5 38. Rd8 Nxe3 39. fxe3 h5 40. Qd2 h4 41. Qd5 Qf7 42. Qd3 Qg6 43. e4 Qf7 44.
Qf1 Qe6 45. Ka3 Rd7 46. Ra8 Qd6 47. Qh3 Qd3+ 48. b3 Qd2 49. Qf1 Qb4+ 50. Kb2 Rd2+ 51.
Ka1 Qa3+ 0-1

[Event "*** Titled Tuesday Blitz"]
[Site "Chess.com"]
[Date "2018.06.05"]
[Round "6"]
[White "jacky72"]
[Black "W_Amadeus"]
[Result "0-1"]
[WhiteElo "2628"]
[BlackElo "2530"]
[TimeControl "180+2"]
[EndTime "14:29:29 PDT"]
[Termination "W_Amadeus won by resignation"]

1. d4 d5 2. c4 e6 3. Nc3 c6 4. Nf3 Nf6 5. Bg5 h6 6. Bxf6 Qxf6 7. e3 Nd7 8. Bd3 g6 9. O-O Bg7 10. Rc1 dxc4 11. Bxc4 O-O 12. Qe2 a6 13. Bb3 Qe7 14. e4 b5 15. Rfd1 Bb7 16. e5 c5 17. Ne4 Bxe4 18. Qxe4 c4 19. Bc2 Nb6 20. h4 h5 21.
Ng5 Bh6 22. f4 Nd5 23. Kh1 Rac8 24. g4 hxg4 25. Rg1 c3 26. b3 Bxg5 27. fxg5 Kg7 28.
Rxg4 Rh8 29. Kg1 Rc7 30. Rg2 Nb4 31. Rf1 Nd5 32. Rf3 Kg8 33. Rh3 Kf8 34. h5 Rxh5 35.
Rxh5 gxh5 36. g6 fxg6 37. Qxg6 Qf7 38. Rf2 Nf4 39. Qh6+ Qg7+ 40. Qxg7+ Rxg7+ 41. Kh2 Rf7 42. Kg3 Nd5 43. Rh2 Nb4 44. Be4 Rc7 45. a3 c2 46.
Bxc2 Nxc2 47. Rxh5 Nxd4 48. Rh8+ Ke7 49. Ra8 Nxb3 50. Rxa6 Nd4 51. Kf4 Nc6 52. Rb6 Kd7 53. Rxb5 Ra7 54. Kg5 Rxa3 55. Rb7+ Kc8 56. Rh7 Rf3 57. Rh6 Rf5+ 58. Kg6 Nxe5+ 59. Kg7 Kd7 60. Rh1 Nc6 61. Re1 Ke7 62. Kg6 Ne5+ 63. Kg7 Nd7 64.
Kg6 Ne5+ 65. Kg7 Nc6 66. Kg6 Kd6 67. Rd1+ Rd5 68. Re1 e5 69. Kf5 Nd4+ 70. Kf6 Nf3 71. Re3 Nd2 72. Re2 e4 73. Re3 Kc5 74. Re2 Kc4 75.
Re3 Kd4 76. Re2 Kd3 77. Re1 e3 78. Ke6 Rd8 0-1

[Event "*** Titled Tuesday Blitz"]
[Site "Chess.com"]
[Date "2018.06.05"]
[Round "6"]
[White "AndrewDGreen"]
[Black "Shivagami"]
[Result "1-0"]
[WhiteElo "2189"]
[BlackElo "2051"]
[TimeControl "180+2"]
[EndTime "14:29:29 PDT"]
[Termination "AndrewDGreen won by resignation"]

1. d4 d5 2. Bf4 Nf6 3. e3 c5 4.
Nc3 Nc6 5. Nb5 e5 6. dxe5 Ne4 7. Qxd5 Qxd5 8. Nc7+ Kd8 9. Nxd5 Be6 10. Nc3 Nxc3 11. bxc3 Ke8 12. Bb5 Bd5 13. f3 a6 14. e4 Bxe4 15.
Bd3 Bd5 16. c4 Be6 17. c3 Na5 18. Rb1 Rb8 19. Ne2 Nxc4 20. O-O Be7 21. Be4 Na5 22. Bg3 b5 23. f4 Bc4 24. Rfe1 g6 25. f5 gxf5 26.
e6 Rb6 27. exf7+ Kxf7 28. Bxf5 Rf6 29. Be4 h5 30. Be5 Re6 31. Bxh8 Rxe4 32. Ng3 Rxe1+ 33.
Rxe1 Be6 34. Nxh5 Nc6 35. Nf4 Bxa2 36. Ra1 Bc4 37. Rxa6 Nd8 38. Rb6 Kg8 39. Be5 Nf7 40. Bf6 Bxf6 41. Rxf6 b4 42. cxb4 cxb4 43. Rb6 b3 44.
Kf2 Ne5 45. Ke3 Bf7 46. Kd4 Ng4 47. h3 Nf2 48. Ke5 Nd1 49. Kf6 b2 50. Rb8+ Kh7 51.
Kxf7 Nc3 52. Rxb2 1-0

[Event "*** Titled Tuesday Blitz"]
[Site "Chess.com"]
[Date "2018.06.05"]
[Round "6"]
[White "Next_Touch"]
[Black "korason34"]
[Result "1/2-1/2"]
[WhiteElo "2697"]
[BlackElo "2474"]
[TimeControl "180+2"]
[EndTime "14:29:30 PDT"]
[Termination "Game drawn by repetition"]

1. d4 Nf6 2. c4 e6 3. Nf3 b6 4. g3 Bb7 5. Bg2 Bb4+ 6. Bd2 Bxd2+ 7. Qxd2 O-O 8. O-O d6 9. Qc2 c5 10. Rd1 Qe7 11. Nc3 Nc6 12. d5 exd5 13. cxd5 Nb4 14.
Qb3 Ne4 15. a3 Nxc3 16. bxc3 Na6 17. e3 Nc7 18. c4 Bc8 19. Nd2 Bd7 20. a4 Rfb8 21.
Qc3 a6 22. Rdb1 b5 23. axb5 axb5 24. Rxa8 Rxa8 25. cxb5 Nxb5 26. Qd3 Qe8 27. Nc4 h6 28. h4 Rb8 29. Na5 Na7 30. Rb7 Rxb7 31. Nxb7 Qb8 32.
Na5 Qb4 33. Nc6 Qb6 34. Ne7+ Kf8 35. Nf5 Nc8 36. g4 Qb4 37. e4 Qe1+ 38. Bf1 Bxf5 39. gxf5 Qb4 40. f3 Qb6 41. Qc3 f6 42. Kg2 Ne7 43. Qa3 Qb7 44. Qa4 Kf7 45. Bb5 Kg8 46. Bd7 Qb2+ 47. Kg3 Qe5+ 48. Kf2 Qb2+ 49. Kg3 Qe5+ 50.
Kf2 Qb2+ 51. Ke3 Qc3+ 52. Ke2 Qb2+ 53. Ke3 Qc3+ 54. Ke2 Qb2+ 55. Ke3 1/2-1/2

[Event "*** Titled Tuesday Blitz"]
[Site "Chess.com"]
[Date "2018.06.05"]
[Round "6"]
[White "gkchesstiger"]
[Black "1stSecond"]
[Result "1/2-1/2"]
[WhiteElo "2782"]
[BlackElo "2612"]
[TimeControl "180+2"]
[EndTime "14:29:31 PDT"]
[Termination "Game drawn by repetition"]

1. d4 Nf6 2. Nf3 e6 3. Bf4 b6 4. e3 Bb7 5. Nbd2 Be7 6. h3 O-O 7. Bd3 d5 8. Ne5 c5 9. c3 Nc6 10. a3 Rc8 11. O-O Bd6 12. Qe2 Qc7 13. Nxc6 Bxc6 14.
Bxd6 Qxd6 15. f4 Ne4 16. Bxe4 dxe4 17. Nc4 Qd5 18. Ne5 cxd4 19. Nxc6 Rxc6 20. exd4 b5 21. Rfe1 f5 22. Kh2 a5 23. Qe3 Rb8 24. Rec1 h6 25.
Rc2 Kh7 26. Rac1 Qb3 27. Qe2 Rd8 28. Rd2 Rd5 29. h4 Rc4 30. h5 b4 31. axb4 axb4 32. Qe3 bxc3 33. bxc3 Qb5 34. Qg3 Qe8 35. Qh3 Rb5 36.
Ra2 Rb3 37. d5 e3 38. d6 Rxf4 39. Ra7 e2 40. Re7 Qf8 41. Qg3 Rg4 42. Qe5 Rb2 43. Re1 Rd2 44. Qxe6 Re4 45. Qg6+ Kh8 46. Rxe4 fxe4 47.
Qxe4 Qxd6+ 48. Kh1 Qg3 49. Qe8+ Kh7 50. Qe4+ Kh8 51. Qe8+ Kh7 52. Qe4+ Kh8 1/2-1/2

[Event "*** Titled Tuesday Blitz"]
[Site "Chess.com"]
[Date "2018.06.05"]
[Round "6"]
[White "albi1999"]
[Black "andrewtnb"]
[Result "1/2-1/2"]
[WhiteElo "2532"]
[BlackElo "2383"]
[TimeControl "180+2"]
[EndTime "14:29:38 PDT"]
[Termination "Game drawn by repetition"]

1. d4 d5 2. c4 dxc4 3. Nf3 Nf6 4. e3 e6 5. Bxc4 c5 6. O-O a6 7. Nc3 b5 8. Be2 Nbd7 9. dxc5 Nxc5 10. Qxd8+ Kxd8 11. Ne5 Ke8 12. Bf3 Bb7 13. Bxb7 Nxb7 14. Rd1 Rc8 15.
Ne2 Bd6 16. Nd3 Ke7 17. Bd2 Ne4 18. Be1 Nbc5 19. f3 Nxd3 20. Rxd3 Nc5 21. Rdd1 Be5 22. Bc3 Bxc3 23. Nxc3 b4 24. Ne2 Na4 25. Rd2 Rhd8 26. Rad1 Rxd2 27. Rxd2 Rd8 28. Rc2 Rd1+ 29. Kf2 Kd6 30.
b3 Nc5 31. Nf4 g5 32. Ke2 Rg1 33. Rd2+ Kc6 34. Kf2 Rh1 35. Nh3 h6 36. e4 Rc1 37.
Ng1 a5 38. Ne2 Ra1 39. Nd4+ Kb6 40. Rc2 a4 41. bxa4 Nxa4 42. Ne2 Kb5 43. Ke3 Nc5 44.
g3 Rd1 45. Rb2 Rd3+ 46. Kf2 Ra3 47. Rc2 Nd3+ 48. Kf1 Ne5 49. Nd4+ Kb6 50. f4 gxf4 51. gxf4 Rd3 52. Ne2 Ng4 53. Rb2 Kb5 54. h3 Ne3+ 55.
Ke1 Nc4 56. Rc2 Rxh3 57. Nd4+ Kc5 58. Nb3+ Kb5 59. Nd4+ Kc5 60. Nb3+ Kb5 61. Nd4+ Kc5 62. Nb3+ Kb5 63. Nd4+ Kc5 64. Nb3+ 1/2-1/2

[Event "*** Titled Tuesday Blitz"]
[Site "Chess.com"]
[Date "2018.06.05"]
[Round "6"]
[White "matiss90"]
[Black "Gvalch"]
[Result "0-1"]
[WhiteElo "2362"]
[BlackElo "2600"]
[TimeControl "180+2"]
[EndTime "14:29:44 PDT"]
[Termination "Gvalch won by checkmate"]

1. e4 e5 2. Nf3 Nc6 3. Bb5 a6 4. Ba4 Nf6 5. O-O Be7 6. d3 b5 7. Bb3 d6 8. c3 O-O 9. Re1 Bg4 10. h3 Bh5 11. g4 Bg6 12. Nbd2 h5 13. Nh4 Kh7 14.
Nf5 Na5 15. Bc2 d5 16. g5 Ng8 17. Nf3 dxe4 18. dxe4 Nc6 19. Qxd8 Raxd8 20. Be3 Rfe8 21. a4 b4 22. Red1 Bf8 23. Rd5 Nge7 24. Rdd1 Nc8 25. a5 Nd6 26. Nxd6 cxd6 27. Nh4 bxc3 28. Nxg6 Kxg6 29. bxc3 Rc8 30. f4 exf4 31. e5+ Kxg5 32. h4+ Kg4 33. Bc1 dxe5 34. Rd7 f5 35. Kh2 e4 36. Bd2 e3 37. Rg1+ Kf3 38. Be1 Ne5 39.
Rd4 Ng4+ 40. Kh3 Nf2+ 41. Kh2 Ng4+ 42. Kh3 Rcd8 43. Bxf5 Rxd4 44. cxd4 Bd6 45. d5 Rf8 46. Bd3 e2 47. Rg2 Re8 48. Bxa6 Re3 49. Bb5 Ke4+ 50.
Bg3 Rxg3+ 51. Rxg3 e1=Q 52. Rg2 Qh1+ 53. Rh2 Qxh2# 0-1

[Event "*** Titled Tuesday Blitz"]
[Site "Chess.com"]
[Date "2018.06.05"]
[Round "6"]
[White "The_Unbeatable_One"]
[Black "SCIM"]
[Result "1-0"]
[WhiteElo "2636"]
[BlackElo "2405"]
[TimeControl "180+2"]
[EndTime "14:29:48 PDT"]
[Termination "The_Unbeatable_One won by resignation"]

1. d4 d5 2. c4 e6 3. Nc3 Nf6 4. Nf3 Be7 5. g3 O-O 6. Bg2 dxc4 7. O-O a6 8. a4 Nc6 9. e4 Rb8 10. e5 Nd5 11. Ne4 Ncb4 12. Bg5 h6 13. Bxe7 Qxe7 14. b3 cxb3 15. Qxb3 a5 16. Nfd2 b6 17. f4 Rd8 18. g4 Ba6 19. Rf3 c5 20. dxc5 bxc5 21. Qd1 Nd3 22. Bf1 N5xf4 23. Rxf4 Nxf4 24. Bxa6 Qa7 25. Bc4 Rd4 26. Qf3 Ng6 27. Qg3 Rb2 28. Qc3 Qb8 29.
Re1 Nxe5 30. Bb5 Rbxd2 31. Nxd2 Rxg4+ 32. Kf1 Qb7 33. Ke2 Ng6 34. Kd1 Rd4 35. Qxc5 Qf3+ 36.
Kc1 Qf4 37. Re2 Rd5 38. Qc8+ Kh7 39. Qc2 Qb4 40. Re3 Rc5 41. Nc4 Rc7 42. Rb3 Qe7 43. Kb2 Qf6+ 44. Ka2 Qf4 45. Rc3 Qf6 46.
Kb3 Qd4 47. Nxa5 Rxc3+ 48. Qxc3 Qd1+ 49. Qc2 Qd5+ 50. Nc4 Qf3+ 51. Kb4 Qb7 52. a5 f5 53.
a6 Qb8 54. Qa2 Ne7 55. a7 Nd5+ 56. Kc5 Qf8+ 57. Nd6 Qa8 58. Bc6 Qf8 59. a8=Q Qf6 60. Bxd5 exd5 61. Q8xd5 Qc3+ 62. Qac4 1-0

[Event "*** Titled Tuesday Blitz"]
[Site "Chess.com"]
[Date "2018.06.05"]
[Round "6"]
[White "Alopekos"]
[Black "krzysztofszczurek"]
[Result "1-0"]
[WhiteElo "2354"]
[BlackElo "2163"]
[TimeControl "180+2"]
[EndTime "14:29:49 PDT"]
[Termination "Alopekos won by resignation"]

1. e4 c5 2. Nf3 d6 3. d4 cxd4 4.
Nxd4 Nf6 5. Nc3 a6 6. Be3 e5 7.
Nb3 Be7 8. Be2 O-O 9. O-O Be6 10. Nd5 Bxd5 11. exd5 Nbd7 12. c4 Rc8 13. Qd2 Ne4 14. Qb4 Qc7 15. f3 Nec5 16. Na5 f5 17.
Qa3 Nb6 18. b4 Ncd7 19. Rac1 Qb8 20. c5 dxc5 21. bxc5 Nxd5 22. Qb3 Nf6 23. Bc4 Rfd8 24. Rfd1 Rxc5 25. Bxc5 Bxc5+ 26. Kh1 Bd4 27. Qxb7 Qxb7 28. Nxb7 Rb8 29. Bxa6 Ne3 30. Rd2 Nfd5 31. Nd6 g6 32. Rc8+ Rxc8 33. Bxc8 Nc3 34. Be6+ Kf8 35. Bb3 Nb1 36.
Re2 Na3 37. Ba4 Ke7 38. Nb5 Nac4 39. f4 Kf6 40. fxe5+ Bxe5 41. Bb3 f4 42. Bxc4 Nxc4 43. a4 g5 44. Rc2 Na5 45. Na3 Bd4 46. Nc4 Nb3 47.
a5 g4 48. a6 f3 49. gxf3 gxf3 50. Nd2 f2 51. Kg2 Na5 52. Nf3 Ba7 53. Rc7 Bb6 54.
Rc2 Kf5 55. Rb2 Ba7 56. Rb5+ Kf4 57. Rxa5 Ke3 58. Ra2 Ke4 59. Rxf2 1-0

[Event "*** Titled Tuesday Blitz"]
[Site "Chess.com"]
[Date "2018.06.05"]
[Round "6"]
[White "orrbaverlekszarnyon"]
[Black "alpasya2009"]
[Result "1/2-1/2"]
[WhiteElo "2267"]
[BlackElo "2387"]
[TimeControl "180+2"]
[EndTime "14:29:56 PDT"]
[Termination "Game drawn by agreement"]

1. e4 d6 2. d4 Nf6 3. Nc3 e5 4. dxe5 dxe5 5. Qxd8+ Kxd8 6. Bg5 c6 7. Nf3 Nd7 8.
O-O-O Ke8 9. Bxf6 gxf6 10. Bc4 b5 11. Bb3 Nc5 12. Kb1 Nxb3 13. axb3 Bc5 14. Rhf1 Be6 15. Ne1 a5 16. Nd3 Bd4 17. f4 Ke7 18. f5 Bd7 19.
Ne2 Bb6 20. c3 Rhd8 21. Kc2 c5 22. b4 axb4 23. cxb4 c4 24. Nc5 Bc6 25. Nc3 Bxc5 26. bxc5 b4 27. Nd5+ Bxd5 28. exd5 Ra5 29. d6+ Kd7 30.
Ra1 Rxc5 31. Ra7+ Ke8 32. Rd1 Rc6 33. Rb7 b3+ 34. Kc3 Rcxd6 35. Rxd6 Rxd6 36. Kxc4 Rd2 37. Rxb3 Rxg2 38. Rb8+ Ke7 39. b4 Rxh2 40. b5 Rb2 41. Kd5 h5 42. b6 h4 43. Kc6 h3 44. Rh8 h2 45. b7 e4 46. Rxh2 Rxh2 47. b8=Q Rc2+ 48. Kd5 Rd2+ 49. Kxe4 Rd7 50. Qb4+ Ke8 51. Qb8+ Ke7 52. Qb6 Ke8 53. Kf4 Ke7 54. Qc5+ Ke8 55. Kg4 Rd1 56. Qb5+ Kf8 57. Qe2 Rd5 58. Qe4 Re5 59.
Qb4+ Kg7 60. Kf4 Re8 61. Qd2 Re5 62. Qg2+ Kf8 63. Qh2 Kg7 64. Qg3+ Kf8 65. Qa3+ Kg7 66. Qd6 Re8 67. Kg4 Re5 68. Kf4 Re8 69. Qc7 Re5 1/2-1/2

[Event "*** Titled Tuesday Blitz"]
[Site "Chess.com"]
[Date "2018.06.05"]
[Round "6"]
[White "Abund"]
[Black "Terrordelcaribe94"]
[Result "1-0"]
[WhiteElo "2518"]
[BlackElo "2347"]
[TimeControl "180+2"]
[EndTime "14:29:58 PDT"]
[Termination "Abund won by checkmate"]

1. Nf3 e6 2. c4 d5 3. d4 Nf6 4.
Nc3 Bb4 5. Qa4+ Nc6 6. e3 O-O 7.
Bd2 Bd7 8. Qc2 Qe7 9. Be2 Bxc3 10. Bxc3 Ne4 11. O-O Nxc3 12. Qxc3 Rfe8 13. Rab1 Qb4 14. Qc2 dxc4 15. Bxc4 h6 16. Rfc1 e5 17. a3 Qe7 18.
Nxe5 Nxe5 19. dxe5 Qxe5 20. Qb3 Be6 21. Bxe6 Rxe6 22. Qxb7 Rf8 23. Qxc7 Qe4 24. Qc4 Qb7 25. b4 Rg6 26. g3 a6 27. Rd1 Rc6 28. Qd5 Rfc8 29. h4 Qc7 30. Qd7 Qe5 31. Qd4 Qc7 32.
Rb2 Rg6 33. Rbd2 Kh7 34. Qe4 Kg8 35. Rd7 Qb6 36. Qd4 Qe6 37. Rd6 Qf5 38. Rxg6 Qxg6 39.
Qd6 Qc2 40. Kg2 Qe4+ 41. Kh2 Qf3 42. Qd2 h5 43. Re1 Qe4 44. Kg1 Rc2 45. Qd4 Qf5 46. Qf4 Qd5 47. e4 Qd4 48. Qe3 Qb2 49. Rd1 Rc3 50. Qg5 Rc8 51. Rd8+ Rxd8 52. Qxd8+ Kh7 53. Qd3 g6 54. Kg2 Qe5 55. Qd5 Qb2 56. Qd3 Kh6 57.
Qxa6 Qd4 58. Qe2 Kg7 59. Qe3 Qa1 60. b5 g5 61. Qxg5+ Kf8 62. Qe3 Qb2 63. b6 Ke7 64. a4 Ke6 65. a5 f5 66. exf5+ Kxf5 67. b7 Kg4 68. Qf4# 1-0

[Event "*** Titled Tuesday Blitz"]
[Site "Chess.com"]
[Date "2018.06.05"]
[Round "6"]
[White "nabukatnezarr"]
[Black "NDePinEsPeRG"]
[Result "0-1"]
[WhiteElo "2341"]
[BlackElo "2627"]
[TimeControl "180+2"]
[EndTime "14:30:01 PDT"]
[Termination "NDePinEsPeRG won by checkmate"]

1. Nf3 c5 2. e4 d6 3. d4 cxd4 4. Nxd4 Nf6 5. Nc3 Nc6 6. Bc4 Bd7 7. Be3 g6 8. f3 Bg7 9. Bb3 O-O 10. Qd2 Nxd4 11. Bxd4 b5 12. h4 h5 13. g4 e5 14. Be3 hxg4 15. Bg5 gxf3 16. Qxd6 Bg4 17. O-O-O Qxd6 18. Rxd6 b4 19. Bxf6 bxc3 20. Rg1 Bh5 21.
Bg5 cxb2+ 22. Kxb2 Kh7 23. Bd5 Rab8+ 24. Ka3 f6 25.
Be3 Rfd8 26. Rxd8 Rxd8 27. Bxa7 f5 28. c4 fxe4 29. Bxe4 Bf8+ 30. Kb3 Rd7 31. Be3 Rf7 32. c5 Be7 33. c6 Bxh4 34. Rh1 f2 35. Bxf2 Bxf2 36.
Rxh5+ Kg7 37. Rxe5 Kf6 38. Rd5 Bg3 39. Rd3 Bc7 40.
Bd5 Rg7 41. Kc4 g5 42. Kb5 g4 43. Ka6 g3 44. Bg2 Bf4 45. Rb3 Re7 46. Rb2 Kg5 47.
Rc2 Bc7 48. Kb7 Kf4 49. a4 Ke3 50. Kc8 Rg7 51. Kb7 Kd3 52. Rc1 Bf4+ 53. c7 Bxc1 54. Kb6 Be3+ 55. Kc6 Rg8 56. Bh3 Bf4 57. Kb7 Bxc7 58.
Kxc7 g2 59. Bxg2 Rxg2 60. a5 Rg7+ 61. Kb6 Kc4 62. a6 Rg6+ 63. Kb7 Kb5 64. a7 Rg7+ 65. Kb8 Kb6 66. a8=Q Rg8# 0-1

[Event "*** Titled Tuesday Blitz"]
[Site "Chess.com"]
[Date "2018.06.05"]
[Round "6"]
[White "enriquetejedor"]
[Black "Man-Chuk"]
[Result "1/2-1/2"]
[WhiteElo "2561"]
[BlackElo "2616"]
[TimeControl "180+2"]
[EndTime "14:30:03 PDT"]
[Termination "Game drawn by stalemate"]

1. e4 c6 2. Nc3 d5 3. d4 dxe4 4. Nxe4 Bf5 5. Ng3 Bg6 6. Nf3 e6 7. Bd3 Bxd3 8. Qxd3 Nf6 9. O-O c5 10. Rd1 Nc6 11. Be3 Qb6 12. dxc5 Bxc5 13. Bxc5 Qxc5 14.
c3 O-O 15. Ne4 Nxe4 16. Qxe4 Rad8 17. h3 h6 18. g3 a5 19. Kg2 b5 20. a4 b4 21.
cxb4 Nxb4 22. Rac1 Qb6 23. h4 Nd5 24. Rd2 Rb8 25.
Ne5 Rb7 26. Rc6 Qb4 27. Qxb4 Rxb4 28. Rc5 Rxa4 29. Nc4 Nf6 30. b3 Rb4 31. Rd3 a4 32. bxa4 Rxa4 33. Ne5 Ra2 34. Rf3 Ra7 35. Nc6 Rd7 36.
Ne5 Ra7 37. Rb5 Rc7 38. Ra5 Rd8 39. Ra2 Ne4 40. Re2 f5 41. Ng6 Rcd7 42. Rb3 Rd2 43.
Rb2 Rxe2 44. Rxe2 Kf7 45. Nf4 g5 46. hxg5 hxg5 47. f3 Nxg3 48. Nxe6 Nxe2 49. Nxd8+ Kf6 50. Nc6 Nf4+ 51. Kf2 Nd3+ 52. Ke3 Ne5 53. Nxe5 Kxe5 54. f4+ Kf6 55. fxg5+ Kxg5 56. Kf3 f4 57. Kf2 Kg4 58. Kg2 f3+ 59. Kf2 Kf4 60. Kf1 Ke3 61. Ke1 Ke4 62.
Kf2 Kf4 63. Kf1 Kg3 64. Kg1 f2+ 65. Kf1 Kf3 1/2-1/2